 Dungeon Crawl Stone Soup version 0.20.0-15-g7f486f2 (webtiles) character file.

240 renl the Chopper (level 6, -2/53 HPs)
             Began as a Hill Orc Fighter on June 24, 2017.
             Slain by a phantom (4 damage)
             ... on level 3 of the Dungeon on June 25, 2017.
             The game lasted 00:09:47 (2409 turns).

renl the Chopper (Hill Orc Fighter)                 Turns: 2409, Time: 00:09:48

Health: -2/53      AC:  8    Str: 21    XL:     6   Next: 8%
Magic:  6/6        EV:  7    Int:  8    God:
Gold:   197        SH:  9    Dex: 10    Spells: 5/5 levels left

rFire    . . .     SeeInvis .   a - +0 war axe
rCold    . . .     Gourm    .   c - +0 shield
rNeg     . . .     Faith    .   b - +0 scale mail
rPois    .         Spirit   .   (no helmet)
rElec    .         Reflect  .   (no cloak)
rCorr    .         Harm     .   B - +0 pair of gloves
MR       .....                  (no boots)
Stlth    ..........             (no amulet)
Regen    0.2/turn               k - ring of fire
MPRegen  0.1/turn               s - ring of ice

@: no status effects
A: no striking features
a: no special abilities


You were on level 3 of the Dungeon.
You were not hungry.

You visited 1 branch of the dungeon, and saw 4 of its levels.

You collected 197 gold pieces.

Inventory:

Hand Weapons
 a - a +0 war axe (weapon)
Missiles
 v - 5 tomahawks of dispersal (quivered)
 y - 2 javelins
 A - 5 tomahawks
Armour
 b - a +0 scale mail (worn)
 c - a +0 shield (worn)
 B - a +0 pair of gloves (worn)
Jewellery
 k - a ring of fire (left hand)
 s - a ring of ice (right hand)
Scrolls
 h - 2 scrolls of teleportation {unknown}
 j - a scroll of enchant weapon {unknown}
 l - 3 scrolls of magic mapping {unknown}
 n - 2 scrolls of remove curse {unknown}
 u - 3 scrolls of identify {unknown}
 w - a scroll of fear {unknown}
Potions
 d - a potion of might
 e - a potion of agility {unknown}
 i - 2 potions of heal wounds {unknown}
 o - 3 potions of curing {unknown}
 q - 2 potions of haste {unknown}
 r - a potion of ambrosia {unknown}
 t - a potion of resistance {unknown}
Comestibles
 f - 2 bread rations
 g - 3 meat rations
 p - 2 royal jellies
 x - 3 fruits


   Skills:
 * Level 4.6 Fighting
 * Level 6.0 Axes
 + Level 4.2 Armour
 + Level 4.1 Shields


You had 5 spell levels left.
You didn't know any spells.

Dungeon Overview and Level Annotations

Branches:
Dungeon (4/15)
 Temple: D:4-7

Altars:
Trog

Shops:
D:4 }


Message History

The phantom is severely damaged.
The phantom hits you.
* * * LOW HITPOINT WARNING * * *
2 gnolls come into view.
The gnoll shouts!
There is a fountain of clear blue water here.
You open the door.
The gnoll shouts!
The phantom hits you!
* * * LOW HITPOINT WARNING * * *
Found a stone staircase leading up.
There is an open door here.
There is a stone staircase leading up here.
The phantom hits you but does no damage.
You climb upwards.
There is a stone staircase leading down here.
You hit the phantom.
The phantom is almost destroyed.
The phantom hits you.
You die...

#♣.....♣ #....#.## #.#
#♣♣♣.♣♣♣#### #...#.## #.###
####'####..# #...### #.#.)
.##.....<#.## #...#######.#..
###.#.......# #........##....
............#######...####.#####.
.......#....#...............# #.
............................# #.
.......##.#.#...@W..........# #.
.....#.##.#.#######...####..# #.
######......# #.........# #.
#########.### #...#####.#####
.....# #.# #...# #......^ .....#
#.# #...# #.###.## .....# #.#
###...####...#.#. .....# #.#
#.......##.###.## .....####.#
#<......#........


You could see a phantom.

Vanquished Creatures
  A phantom (D:4)
  2 worker ants (D:4)
  An adder (D:3)
  2 oozes
  2 worms (D:2)
  A dart slug (D:1)
  4 leopard geckos
  5 orcs
  A ball python (D:3)
  4 giant cockroaches
  3 goblins
  5 hobgoblins
  7 jackals
  3 quokkas
  10 bats
  6 frilled lizards
  7 kobolds
  7 rats
71 creatures vanquished.

Notes
Turn   | Place    | Note
-------+----------+-------------------------------------------
     0 | D:1      | renl the Hill Orc Fighter began the quest for the Orb.
     0 | D:1      | Reached XP level 1. HP: 19/19 MP: 1/1
   112 | D:1      | Reached XP level 2. HP: 27/27 MP: 2/2
   338 | D:1      | Reached XP level 3. HP: 33/33 MP: 3/3
   569 | D:2      | Reached skill level 3 in Axes
  1313 | D:3      | Reached XP level 4. HP: 40/40 MP: 4/4
  1390 | D:3      | Reached skill level 4 in Axes
  1900 | D:3      | Found a bloodstained altar of Trog.
  1967 | D:4      | Reached XP level 5. HP: 38/47 MP: 5/5
  2021 | D:4      | Reached skill level 5 in Axes
  2041 | D:4      | HP: 2/47 [poisoned by a worker ant]
  2049 | D:4      | HP: 2/47 [poisoned by a worker ant]
  2353 | D:4      | Noticed a phantom
  2358 | D:4      | Found Coqaubb's Gadget Emporium.
  2362 | D:4      | Noticed a phantom
  2396 | D:4      | Killed a phantom
  2396 | D:4      | Reached skill level 6 in Axes
  2396 | D:4      | Reached XP level 6. HP: 11/53 MP: 6/6
  2403 | D:4      | HP: 1/53 [phantom (7)]
  2409 | D:3      | Slain by a phantom

Skill      XL: |  1  2  3  4  5 |
---------------+----------------+-----
Fighting       | 4 |  4.6
Axes           | 3 4 6 |  6.0
Armour         | 4 |  4.2
Shields        | 4 |  4.1

Action                   |  1- 3 |  4- 6 || total
-------------------------+-------+-------++-------
Melee: War axe           |   110 |   111 ||   221
  Eat: Chunk             |     2 |     3 ||     5
Armor: Scale mail        |    40 |    60 ||   100
Dodge: Dodged            |    34 |    38 ||    72
Block: Shield            |    54 |    73 ||   127
